 Dungeon Crawl Stone Soup version 0.20-a0-830-g2c9a30d (webtiles) character file.

638724 AlphabetPasta the Halfling Catapult (level 27, -22/190 HPs)
             Began as a Halfling Hunter on Mar 5, 2017.
             Was the Champion of Okawaru.
             Killed from afar by an ancient lich (55 damage)
             ... with an iron shot
             ... on level 5 of the Realm of Zot on Mar 6, 2017.
             The game lasted 08:54:54 (71126 turns).

AlphabetPasta the Halfling Catapult (HaHu)         Turns: 71126, Time: 08:54:55

Health: -22/190    AC: 36    Str: 21    XL:     27
Magic:  34/34      EV: 22    Int: 12    God:    Okawaru [******]
Gold:   3547       SH: 23    Dex: 23    Spells: 26/26 levels left

rFire    + + +     SeeInvis +   a - +9 rapier (elec)
rCold    + + +     Gourm    .   A - +3 gold dragon scales
rNeg     + . .     Faith    .   P - +5 shield {rC+ rF+}
rPois    +         Spirit   .   W - +0 helmet
rElec    .         Reflect  .   Y - scarf {rC+ rF+}
rCorr    .         Harm     .   z - +2 pair of gloves {archery}
MR       ++...                  T - +2 pair of boots {Fly}
Stlth    ..........             t - amulet of Yendor {Regen+ Slay+2}
Regen    0.9/turn               Q - ring "Irawkuc" {+Blink rN+ Int+3 Dex+3}
MPRegen  0.3/turn               N - ring of see invisible

@: flying
A: frail 1, mutation resistance 1
}: 3/15 runes: decaying, silver, gossamer
a: Heroism, Finesse, Renounce Religion, Evoke Blink, Stop Flying


You were on level 5 of the Realm of Zot.
You worshipped Okawaru.
Okawaru was exalted by your worship.
You were not hungry.

You visited 10 branches of the dungeon, and saw 50 of its levels.
You visited the Abyss 2 times.
You visited 1 bazaar.
You also visited: Bailey and Ice Cave.

You collected 6420 gold pieces.
You spent 2873 gold pieces at shops.

Inventory:

Hand Weapons
 a - a +9 rapier of electrocution (weapon)
 b - the +9 fustibalus of Cup {flame, rF+ Stlth+}
   (Okawaru gifted it to you on level 5 of the Lair of Beasts)

   It causes projectiles fired from it to burn those they strike, causing extra
   injury to most foes and up to half again as much damage against particularly
   susceptible opponents.
   It protects you from fire.
   It makes you more stealthy.
 u - a +1 dagger of holy wrath
 V - the +1 rapier "Guisuqor" {venom, rN+ MR++}
   (Okawaru gifted it to you on level 5 of the Vaults)

   It poisons the flesh of those it strikes.
   It protects you from negative energy.
   It affects your resistance to hostile enchantments.
Missiles
 d - 573 sling bullets
 v - 47 tomahawks (quivered)
Armour
 c - +0 storm dragon scales
 z - a +2 pair of gloves of archery (worn)
 A - +3 gold dragon scales (worn)
 P - a +5 shield of resistance (worn)
 T - a +2 pair of boots of flying (worn)
 W - a +0 helmet (worn)
 Y - a scarf of resistance (worn)
Jewellery
 t - the amulet of Yendor (around neck) {Regen+ Slay+2}
   (You bought it in a shop in a bazaar)

   [amulet of regeneration]

   It affects your accuracy and damage with ranged weapons and melee attacks
   (+2).
   It increases your rate of regeneration.
 y - a +5 amulet of reflection
 D - a +3 ring of evasion
 I - an uncursed ring of poison resistance
 N - a ring of see invisible (left hand)
 Q - the ring "Irawkuc" (right hand) {+Blink rN+ Int+3 Dex+3}
   (You took it off a deep elf death mage on level 3 of the Elven Halls)

   [ring of positive energy]

   It affects your intelligence (+3).
   It affects your dexterity (+3).
   It protects you from negative energy.
   It lets you blink.
 S - an uncursed ring of protection from fire
 U - an uncursed ring of resist corrosion
Wands
 g - a wand of acid (6/15)
 w - a wand of paralysis (16/24)
 x - a wand of flame (17/48)
 E - a wand of clouds (3/9)
 H - a wand of digging (12/24)
 O - a wand of scattershot (5/9)
Scrolls
 l - 23 scrolls of teleportation
 m - 23 scrolls of identify
 o - 3 scrolls of holy word
 r - a scroll of silence
 J - 12 scrolls of recharging
 L - 13 scrolls of remove curse
 Z - 3 scrolls of blinking
Potions
 e - 5 potions of might
 i - 9 potions of curing
 k - 6 potions of heal wounds
 n - 4 potions of haste
 p - 6 potions of agility
 q - 3 potions of cancellation
 C - 5 potions of invisibility
 K - a potion of resistance
Miscellaneous
 B - a phial of floods
Comestibles
 f - 21 bread rations
 F - 27 meat rations
 M - 98 fruits


   Skills:
 * Level 23.4 Fighting
 - Level 15.7 Short Blades
 O Level 27 Slings
 + Level 21.6 Armour
 + Level 23.3 Dodging
 - Level 6.7 Stealth
 - Level 21.6 Shields
 - Level 9.0 Invocations
 - Level 15.0 Evocations


You had 26 spell levels left.
You didn't know any spells.

Dungeon Overview and Level Annotations

Branches:
Dungeon (15/15)            Temple (1/1) D:5            Lair (6/6) D:8
  Swamp (4/4) Lair:2       Spider (4/4) Lair:3        Slime (0/5) Lair:5
    Orc (2/2) D:12            Elf (3/3) Orc:2        Vaults (5/5) D:13
  Crypt (0/3) Vaults:3     Depths (5/5) D:15            Zot (5/5) Depths:5

Altars:
Ashenzari
Cheibriados
Dithmenos
Elyvilon
Fedhas
Gozag
Hepliaklqana
Kikubaaqudgha
Makhleb
Nemelex Xobeh
Okawaru
Qazlal
Ru
Sif Muna
Trog
Uskayaw
Vehumet
Wu Jian
Xom
Yredelemnul
Zin
The Shining One
Beogh

Shops:
D:10 =   Orc:2 *:[[?:}   Elf:2 (*   Elf:3 *   Vaults:2 :!   Vaults:3 [
Vaults:5 %?!

Portals:
Hell: Depths:1 Depths:2 Depths:3 Depths:4 Depths:5
Abyss: Depths:2 Depths:4
Pandemonium: Depths:3
Ziggurat: Depths:1


Innate Abilities, Weirdness & Mutations

You are small and have problems with some larger weapons.
You are somewhat resistant to further mutation.
You are frail. (-10% HP)


Message History

The ancient lich is severely damaged.
The ancient lich gestures at you while chanting.
You block the iron shot.
The Ice Fiend claws you but does no damage.
The Ice Fiend barely misses you.
You completely miss the ancient lich.
The ancient lich is severely damaged.
You hit the ancient lich but do no damage.
The ancient lich is severely damaged.
The ancient lich touches you but does no damage.
The Ice Fiend calls on the powers of darkness!
Your body is wracked with pain!
* * * LOW HITPOINT WARNING * * *
You puncture the ancient lich!
The ancient lich is severely damaged.
You hit the ancient lich but do no damage.
The ancient lich is severely damaged.
The ancient lich points at you and mumbles some strange words.
The iron shot hits you!
You die...

,,,,,,,,,,,,,* ##...(..?..(.##
,,,,,,,,,,,,** #.....((.(....#
,,,,,,,,,,,** *#......(.(....#*
,,,,,,,,,,** *......)((......*
******#####▓▓▓▓########[#*******
###.....<(..##...#[.#
###............#...#(#######***
###.............1.............,,,
................@....((.......,,,
....###..........L..((........,,,
<..(##.......###..(.(#########***
...............)...(.....#
..................)[.....#
...⌠....###......[<...[..#
.........########........##
#........# #####.....##
⌠....#...# ##...⌠.##


You could see an ancient lich (invisible) and an Ice Fiend.

Vanquished Creatures
  2 orbs of fire (Zot:5)
  Mennas (Vaults:5)
  A juggernaut (Depths:2)
  6 ancient liches (Zot:5)
  Saint Roka (Depths:1)
  Margery (Depths:3)
  3 Killer Klowns
  A curse toe (Zot:4)
  Nikola (Swamp:2)
  2 bone dragons
  8 golden dragons
  A hellephant (Zot:1)
  Jorgrun (Spider:3)
  2 electric golems (Zot:5)
  An Ice Fiend (IceCv)
  15 tentacled monstrosities
  3 liches
  Rupert (Lair:5)
  4 deep elf blademasters
  3 titans
  13 Orb Guardians (Zot:5)
  2 deep elf master archers (Elf:3)
  4 quicksilver dragons
  4 tentacled starspawn
  4 sphinxes
  7 death cobs
  Frances (Swamp:2)
  2 thorn hunters (Swamp:4)
  14 tengu reavers
  8 storm dragons
  A storm dragon (shapeshifter) (Depths:3)
  5 draconian monks
  The ghost of Geoffrax the Fencer, an adept DgGl (Swamp:4)
  8 shadow dragons
  Aizul (Swamp:3)
  4 ghost moths
  12 frost giants
  14 fire giants
  5 draconian scorchers
  An iron dragon (shapeshifter) (Depths:3)
  4 draconian shifters
  An orc warlord (Orc:2)
  3 draconian knights
  13 vault wardens
  2 iron dragons (Depths:4)
  7 deep elf sorcerers
  2 deep elf elementalists (Elf:3)
  18 ironheart preservers
  6 draconian stormcallers
  A draconian annihilator (Zot:2)
  7 emperor scorpions (Spider:4)
  3 war gargoyles
  12 very ugly things
  An entropy weaver (shapeshifter) (Depths:3)
  19 stone giants
  5 entropy weavers
  6 green draconians
  11 black draconians
  15 deep elf annihilators
  8 deep elf demonologists
  7 yellow draconians
  6 red draconians
  A spark wasp (Depths:3)
  A white draconian (Depths:5)
  3 dire elephants
  2 merfolk javelineers (Depths:1)
  5 purple draconians
  31 ettins
  3 crystal guardians
  5 deep elf death magi
  2 jiangshi (Depths:3)
  15 yaktaur captains
  3 merfolk impalers
  A quicksilver dragon skeleton (Abyss:5)
  Fannar (Lair:1)
  A great orb of eyes (shapeshifter) (Depths:3)
  23 hydras
  3 deep elf high priests
  12 fire dragons
  Erolcha (Orc:2)
  13 rakshasas
  8 great orbs of eyes
  8 ice dragons
  31 vault guards
  A ghost crab (Swamp:2)
  3 spriggan air magi
  16 centaur warriors
  An anaconda (shapeshifter) (Depths:3)
  2 catoblepae (shapeshifter)
  7 catoblepae
  6 deep troll shamans
  2 juggernaut simulacra (Depths:3)
  15 ogre magi
  50 two-headed ogres
  17 alligators
  2 death knights
  8 tengu warriors
  3 vampire magi
  11 deep troll earth magi
  32 dancing weapons
  2 titan zombies (Depths:2)
  18 death yaks
  Urug (Orc:2)
  An orc high priest (Elf:2)
  4 hell hogs (Abyss:5)
  2 spriggan berserkers
  17 spriggans
  2 thrashing horrors (Abyss:2)
  A shock serpent (Depths:3)
  Nergalle (Orc:2)
  8 hell knights
  29 deep elf knights
  A fire crab (shapeshifter) (D:13)
  4 wretched stars
  A shadow wraith (Vaults:2)
  A salamander mystic (Depths:1)
  3 iron trolls
  An anaconda zombie (Abyss:5)
  5 unseen horrors
  4 flayed ghosts
  24 deep trolls
  2 swamp dragons (shapeshifter)
  2 starcursed masses (Abyss:2)
  2 spatial maelstroms
  A shambling mangrove (Swamp:4)
  A storm dragon skeleton (Vaults:3)
  8 skeletal warriors
  5 glowing orange brains
  An obsidian statue (D:8)
  8 swamp dragons
  3 lindwurms (shapeshifter)
  An orange crystal statue (D:8)
  24 ironbrand convokers
  4 spriggan druids
  13 harpies
  5 wizards
  20 deep elf archers
  2 phantasmal warriors
  3 necromancers
  18 orb spiders
  34 wolf spiders
  22 orc knights
  79 deep elf magi
  2 stone giant zombies
  3 oklob plants
  A wolf spider (shapeshifter) (Vaults:5)
  49 ugly things
  A shadow dragon skeleton (Vaults:3)
  3 salamanders (Depths:1)
  A manticore (shapeshifter) (Vaults:3)
  A salamander (shapeshifter) (Depths:5)
  11 orc sorcerers
  6 cyclopes
  4 manticores
  Maurice (D:12)
  A cyclops (shapeshifter) (Vaults:4)
  11 large abominations
  A worldbinder (Abyss:5)
  22 moths of wrath
  17 elephants
  A guardian serpent (shapeshifter) (Vaults:4)
  An apocalypse crab (Abyss:5)
  5 torpor snails
  4 naga magi
  4 black mambas
  17 vault sentinels
  2 black mambas (shapeshifter)
  An ice statue (IceCv)
  12 spiny frogs
  4 centaur zombies
  A smoke demon (Abyss:2)
  3 kobold demonologists
  3 hellions
  3 gargoyles
  34 yaktaurs
  A yaktaur (shapeshifter) (Depths:1)
  3 efreet
  14 freezing wraiths
  A hellwing (Depths:1)
  7 komodo dragons
  2 ancient zymes (Abyss:2)
  7 demonic crawlers
  5 anaconda simulacra
  4 ice devils (IceCv)
  2 golden dragon simulacra (IceCv)
  A red devil (Depths:1)
  32 jumping spiders
  A polar bear (Lair:6)
  A merfolk (shapeshifter) (Vaults:5)
  13 trolls
  6 tyrant leeches
  6 meliai
  5 tengu conjurers
  A meliai (shapeshifter) (Depths:2)
  20 hornets
  A queen bee (Spider:4)
  A polar bear (shapeshifter) (Abyss:2)
  6 bog bodies
  18 blink frogs
  A fire giant simulacrum (Abyss:5)
  A harpy skeleton (D:15)
  13 raiju
  33 slime creatures
  A dream sheep (shapeshifter) (Vaults:5)
  13 hippogriffs
  4 dream sheep (Lair:5)
  A redback (shapeshifter) (Vaults:5)
  2 vampires
  3 ynoxinuls
  A spriggan (shapeshifter) (Elf:2)
  7 air elementals
  4 shadows
  Sigmund (D:4)
  19 water elementals
  23 tarantellas
  3 wraiths
  A dire elephant simulacrum (IceCv)
  5 fire elementals
  72 redbacks
  23 humans
  10 small abominations
  5 basilisks
  3 wyverns
  55 yaks
  A human (shapeshifter) (Depths:1)
  A golden eye (shapeshifter) (D:14)
  35 vampire mosquitoes
  A death yak simulacrum (IceCv)
  2 hungry ghosts
  A chaos spawn (Depths:4)
  11 wargs
  3 neqoxecs (Abyss:5)
  2 spatial vortices (Abyss:2)
  An iron troll simulacrum (IceCv)
  10 insubstantial wisps
  The ghost of unimpressed the Cudgeler, an amateur GrGl (D:3)
  17 swamp worms
  2 harpy simulacra
  2 acid dragons
  4 hydra simulacra (IceCv)
  8 water moccasins
  2 floating eyes
  14 swamp drakes
  52 orc warriors
  4 phantoms
  4 sky beasts
  11 porcupines
  2 alligator simulacra (IceCv)
  4 ice beasts
  A black bear (shapeshifter) (Elf:3)
  2 ettin simulacra (IceCv)
  4 black bears
  8 boggarts
  53 ogres
  6 wolves
  24 centaurs
  16 crocodiles
  2 big kobolds
  A human zombie (Vaults:3)
  18 bullfrogs
  2 cyclops zombies (Depths:2)
  A gnoll sergeant (Orc:2)
  12 earth elementals
  A human skeleton (Vaults:3)
  A spiny frog simulacrum (Abyss:5)
  2 wyvern zombies (D:12)
  A hornet simulacrum (D:14)
  4 scorpions
  8 killer bees (Spider:3)
  15 wights
  3 howler monkeys
  9 electric eels
  5 bullfrog zombies
  A draconian simulacrum (IceCv)
  2 lava snakes (Lair:3)
  11 crimson imps
  21 orc priests
  A quasit (Abyss:2)
  5 hounds
  3 bullfrog skeletons
  7 centaur skeletons
  5 jellies
  45 orc wizards
  Jessica (D:2)
  7 iguanas
  5 hell rats
  A spriggan simulacrum (IceCv)
  A worker ant (shapeshifter) (D:13)
  11 worker ants
  A polar bear simulacrum (IceCv)
  6 troll simulacra (IceCv)
  A wolf simulacrum (IceCv)
  3 centaur simulacra (IceCv)
  A hound zombie (D:5)
  2 hound skeletons
  2 worker ant zombies
  2 howler monkey skeletons (D:8)
  20 adders
  4 naga simulacra (IceCv)
  4 ogre simulacra (IceCv)
  4 shadow imps
  5 white imps (IceCv)
  3 ufetubi (IceCv)
  An adder skeleton (D:8)
  6 worms
  4 dart slugs
  4 leopard geckos
  137 orcs
  A ball python (D:6)
  7 bats
  3 giant cockroaches
  2 gnoll zombies (D:5)
  6 goblins
  12 hobgoblins
  19 jackals
  12 kobolds
  6 quokkas
  8 frilled lizards
  A quokka skeleton (D:7)
  7 rats
  A bush (Lair:6)
  2 fungi
  3 plants
  A starspawn tentacle (Abyss:5)
2577 creatures vanquished.

Vanquished Creatures (others)
  A death cob (Zot:2)
  A draconian annihilator (Zot:5)
  A fire dragon (Depths:5)
  2 yaktaur captains
  A great orb of eyes (Vaults:2)
  A rakshasa (Depths:2)
  A two-headed ogre (Vaults:1)
  2 centaur warriors
  A deep elf archer (Vaults:1)
  A wizard (Vaults:1)
  2 deep elf magi
  A yaktaur (Vaults:3)
  2 ogres
  2 centaurs (Vaults:1)
  4 small abominations
  A white imp (IceCv)
  2 ufetubi (IceCv)
  A ball lightning (Swamp:4)
  An orc (Vaults:4)
  A ball python (D:3)
  A demonic plant (Abyss:5)
  4 fungi
  A plant (Swamp:1)
  15 starspawn tentacles
50 creatures vanquished.

Grand Total: 2627 creatures vanquished

Notes
Turn   | Place    | Note
-------+----------+-------------------------------------------
     0 | D:1      | AlphabetPasta the Halfling Hunter began the quest for the Orb.
     0 | D:1      | Reached XP level 1. HP: 14/14 MP: 1/1
    98 | D:1      | Reached skill level 6 in Slings
    98 | D:1      | Reached XP level 2. HP: 19/19 MP: 2/2
   245 | D:1      | Reached XP level 3. HP: 24/24 MP: 3/3
   247 | D:1      | Reached skill level 1 in Short Blades
   930 | D:2      | Reached XP level 4. HP: 30/30 MP: 4/4
  1023 | D:2      | Noticed Jessica
  1034 | D:2      | Killed Jessica
  1129 | D:2      | Found a glowing golden altar of the Shining One.
  1305 | D:2      | Reached XP level 5. HP: 26/35 MP: 5/5
  1837 | D:2      | Found a shimmering altar of Xom.
  1839 | D:2      | Found an iron altar of Okawaru.
  1839 | D:2      | Found a glowing silver altar of Zin.
  1841 | D:2      | Found a sacrificial altar of Ru.
  1841 | D:2      | Found a basalt altar of Yredelemnul.
  1841 | D:2      | Found a shattered altar of Ashenzari.
  2080 | D:3      | Reached skill level 1 in Armour
  2315 | D:3      | Noticed unimpressed's ghost (amateur GrGl)
  2432 | D:3      | Found a stormy altar of Qazlal.
  2484 | D:3      | Reached skill level 7 in Slings
  3115 | D:3      | Reached XP level 6. HP: 41/41 MP: 6/6
  3517 | D:4      | Noticed a phantom
  3562 | D:4      | Killed a phantom
  3751 | D:4      | Reached XP level 7. HP: 45/45 MP: 7/7
  3770 | D:4      | Noticed Sigmund
  3951 | D:4      | Killed Sigmund
  3951 | D:4      | Reached skill level 8 in Slings
  3951 | D:4      | Reached skill level 1 in Evocations
  4536 | D:4      | Found a bloodstained altar of Trog.
  5056 | D:4      | Found a hazy altar of Hepliaklqana.
  5384 | D:5      | Entered Level 5 of the Dungeon
  5406 | D:4      | Reached XP level 8. HP: 49/52 MP: 9/9
  5649 | D:5      | Reached skill level 9 in Slings
  5904 | D:5      | Found a basalt altar of Yredelemnul.
  6049 | D:5      | Found a staircase to the Ecumenical Temple.
  6061 | Temple   | Entered the Ecumenical Temple
  6110 | Temple   | Became a worshipper of Warmaster Okawaru
  6417 | D:5      | Reached skill level 5 in Short Blades
  6725 | D:6      | Reached skill level 1 in Invocations
  7040 | D:6      | Found a hide-covered altar of Uskayaw.
  7127 | D:6      | Reached XP level 9. HP: 57/58 MP: 10/10
  7303 | D:6      | Reached * piety under Okawaru
  7344 | D:6      | Reached skill level 10 in Slings
  7357 | D:6      | Found a bloodstained altar of Trog.
  7803 | D:6      | Found a sparkling altar of Nemelex Xobeh.
  7917 | D:7      | Identified 3 scrolls of acquirement
  7973 | D:7      | Reached skill level 1 in Shields
  8097 | D:7      | Noticed a hippogriff
  8098 | D:7      | Reached skill level 11 in Slings
  8157 | D:7      | Killed a hippogriff
  8157 | D:7      | Reached ** piety under Okawaru
  8206 | D:7      | Reached skill level 12 in Slings
  8455 | D:7      | Noticed a hippogriff
  8466 | D:7      | Killed a hippogriff
  8466 | D:7      | Reached skill level 13 in Slings
  8466 | D:7      | Reached skill level 5 in Invocations
  8466 | D:7      | Reached XP level 10. HP: 65/65 MP: 12/14
  8843 | D:7      | Reached skill level 5 in Armour
  8868 | D:8      | Found a blossoming altar of Fedhas.
  8870 | D:8      | Reached skill level 14 in Slings
  8980 | D:8      | Reached skill level 5 in Dodging
  8981 | D:8      | Noticed an orange crystal statue
  9178 | D:8      | Found an ornate altar of the Wu Jian Council.
  9277 | D:8      | Found a staircase to the Lair.
  9283 | D:8      | Noticed a two-headed ogre
  9293 | D:8      | Killed a two-headed ogre
  9293 | D:8      | Reached *** piety under Okawaru
  9293 | D:8      | Reached skill level 15 in Slings
  9365 | D:8      | Noticed a two-headed ogre
  9373 | D:8      | Killed a two-headed ogre
  9373 | D:8      | Reached **** piety under Okawaru
  9373 | D:8      | Reached skill level 16 in Slings
  9488 | D:8      | Found a radiant altar of Vehumet.
  9491 | D:8      | Received a gift from Okawaru
  9510 | D:8      | Identified Vehumet's Catalogue of Conjuration
  9519 | D:8      | Found an ancient bone altar of Kikubaaqudgha.
  9531 | D:8      | Found a deep blue altar of Sif Muna.
  9917 | D:8      | Noticed an obsidian statue
 10117 | D:9      | Reached XP level 11. HP: 64/70 MP: 17/17
 10165 | D:9      | Found a flagged portal.
 10181 | Bailey   | Entered a bailey
 10521 | Bailey   | Reached skill level 17 in Slings
 11083 | Bailey   | Reached skill level 5 in Shields
 11090 | Bailey   | Received a gift from Okawaru
 11136 | Bailey   | Reached skill level 18 in Slings
 11560 | D:9      | Received a gift from Okawaru
 11600 | D:9      | Reached skill level 5 in Fighting
 11683 | D:9      | Reached ***** piety under Okawaru
 11855 | D:9      | Reached skill level 19 in Slings
 11908 | D:9      | Reached XP level 12. HP: 78/78 MP: 18/18
 11995 | D:9      | Noticed a two-headed ogre
 12002 | D:9      | Killed a two-headed ogre
 12280 | D:9      | Received a gift from Okawaru
 12601 | D:10     | Entered Level 10 of the Dungeon
 12763 | D:10     | Found Bahoikla's Jewellery Boutique.
 12768 | D:10     | Bought a +1 ring of slaying for 84 gold pieces
 12768 | D:10     | Bought a cursed amulet of inaccuracy for 28 gold pieces
 12849 | D:10     | Received a gift from Okawaru
 12849 | D:10     | Reached XP level 13. HP: 86/86 MP: 17/19
 12956 | D:10     | Reached skill level 20 in Slings
 13275 | D:10     | Received a gift from Okawaru
 13784 | D:11     | Found Veamp's Assorted Antiques.
 14755 | D:11     | Noticed an eight-headed hydra
 14784 | D:11     | Killed an eight-headed hydra
 14795 | D:11     | Reached skill level 10 in Fighting
 14912 | D:11     | Identified Aghostri's Tome of Harmful Summoning
 15331 | D:12     | Noticed a four-headed hydra
 15358 | D:12     | Killed a four-headed hydra
 15667 | D:12     | Received a gift from Okawaru
 15729 | D:12     | Found a staircase to the Orcish Mines.
 15803 | D:12     | Noticed Maurice
 15813 | D:12     | Killed Maurice
 16302 | Lair:1   | Entered Level 1 of the Lair of Beasts
 16330 | Lair:1   | Reached skill level 21 in Slings
 16330 | Lair:1   | Reached XP level 14. HP: 86/99 MP: 20/20
 16332 | Lair:1   | Found a snail-covered altar of Cheibriados.
 16457 | Lair:1   | Noticed Fannar
 16498 | Lair:1   | Killed Fannar
 17024 | Lair:1   | Received a gift from Okawaru
 17308 | Lair:2   | Found a staircase to the Swamp.
 17370 | Lair:2   | Received a gift from Okawaru
 18305 | Lair:3   | Received a gift from Okawaru
 18489 | Lair:3   | Reached skill level 5 in Evocations
 18496 | Lair:3   | Found a hole to the Spider Nest.
 20143 | Lair:5   | Received a gift from Okawaru
 20171 | Lair:5   | Got a twisted fustibalus {god gift}
 20172 | Lair:5   | Identified the +9 fustibalus of Cup {flame, rF+ Stlth+} (Okawaru gifted it to you on level 5 of the Lair of Beasts)
 20270 | Lair:5   | Noticed Rupert
 20355 | Lair:5   | Killed Rupert
 20563 | Lair:5   | Reached skill level 22 in Slings
 20563 | Lair:5   | Reached XP level 15. HP: 110/110 MP: 13/21
 20582 | Lair:5   | Received a gift from Okawaru
 20582 | Lair:5   | Reached skill level 10 in Short Blades
 20763 | Lair:5   | Found a staircase to the Slime Pits.
 20907 | Lair:6   | Entered Level 6 of the Lair of Beasts
 21077 | Lair:6   | Received a gift from Okawaru
 22623 | Lair:6   | Received a gift from Okawaru
 22756 | Lair:6   | Reached skill level 10 in Dodging
 22780 | Lair:6   | Identified the Guide on Unholy Secrets
 23242 | Orc:1    | Entered Level 1 of the Orcish Mines
 23360 | Orc:2    | Entered Level 2 of the Orcish Mines
 23360 | Orc:2    | Found a staircase to the Elven Halls.
 23380 | Orc:2    | Found Vepov's Book Emporium.
 23380 | Orc:2    | Noticed Urug
 23384 | Orc:2    | Killed Urug
 23755 | Orc:2    | Found Nirroen's Armour Boutique.
 23774 | Orc:2    | Bought a scarf of resistance for 320 gold pieces
 23815 | Orc:1    | Found a roughly hewn altar of Beogh.
 24135 | Orc:2    | Noticed an orc warlord
 24151 | Orc:2    | Killed an orc warlord
 24162 | Orc:2    | Reached skill level 10 in Armour
 24381 | Orc:2    | Found Myodaru's Merry Market.
 24750 | Orc:2    | Reached XP level 16. HP: 118/118 MP: 22/22
 24795 | Orc:2    | Noticed Nergalle
 24804 | Orc:2    | Killed Nergalle
 24821 | Orc:2    | Found an ancient bone altar of Kikubaaqudgha.
 24844 | Orc:2    | Found Begreax's Book Boutique.
 24853 | Orc:2    | Noticed Erolcha
 24866 | Orc:2    | Killed Erolcha
 24895 | Orc:2    | Found a roughly hewn altar of Beogh.
 24895 | Orc:2    | Found Xemeidumn's Gadget Boutique.
 24895 | Orc:2    | Found Seuv's Antique Armour Shop.
 24921 | Orc:2    | Found Valafywn's Magic Scroll Shop.
 24980 | Orc:2    | Found a radiant altar of Vehumet.
 25026 | Orc:2    | Bought a runed helmet for 180 gold pieces
 25302 | Orc:2    | Received a gift from Okawaru
 25479 | D:13     | Found a gate to the Vaults.
 25650 | D:13     | Found a glowing silver altar of Zin.
 25703 | D:13     | Received a gift from Okawaru
 25925 | D:13     | Reached ****** piety under Okawaru
 26195 | D:13     | Found a deep blue altar of Sif Muna.
 27451 | D:14     | Received a gift from Okawaru
 27473 | D:14     | Identified the +2 scale mail of Qyggust {MR+ rCorr Int-3} (Okawaru gifted it to you on level 14 of the Dungeon)
 27612 | D:14     | Reached XP level 17. HP: 125/125 MP: 23/23
 28202 | D:15     | Entered Level 15 of the Dungeon
 28932 | D:15     | Reached skill level 23 in Slings
 29120 | D:15     | Found a white marble altar of Elyvilon.
 29613 | D:15     | Received a gift from Okawaru
 29667 | D:15     | Found a staircase to the Depths.
 30089 | Swamp:1  | Entered Level 1 of the Swamp
 30092 | Swamp:1  | Upgraded the game from 0.20-a0-826-g242eb58 to 0.20-a0-830-g2c9a30d
 30342 | Swamp:1  | Received a gift from Okawaru
 30916 | Swamp:2  | Noticed Nikola
 30934 | Swamp:2  | Killed Nikola
 30934 | Swamp:2  | Received a gift from Okawaru
 30934 | Swamp:2  | Reached skill level 15 in Armour
 30939 | Swamp:2  | Noticed Frances
 30946 | Swamp:2  | Killed Frances
 30946 | Swamp:2  | Reached XP level 18. HP: 94/132 MP: 18/24
 31380 | Swamp:2  | Received a gift from Okawaru
 31510 | Swamp:2  | Received a gift from Okawaru
 32363 | Swamp:3  | Noticed Aizul
 32376 | Swamp:3  | Killed Aizul
 32690 | Swamp:3  | Found a radiant altar of Vehumet.
 33719 | Swamp:4  | Entered Level 4 of the Swamp
 33883 | Swamp:4  | Received a gift from Okawaru
 33943 | Swamp:4  | Noticed Geoffrax's ghost (adept DgGl)
 33982 | Swamp:4  | Killed Geoffrax's ghost
 34002 | Swamp:4  | Received a gift from Okawaru
 34087 | Swamp:4  | Received a gift from Okawaru
 34087 | Swamp:4  | Reached skill level 10 in Evocations
 34371 | Swamp:4  | Got a decaying rune of Zot
 34614 | Swamp:4  | Received a gift from Okawaru
 34614 | Swamp:4  | Reached XP level 19. HP: 119/138 MP: 26/26
 34908 | Swamp:4  | Reached skill level 15 in Fighting
 34965 | Swamp:4  | Received a gift from Okawaru
 35213 | Spider:1 | Entered Level 1 of the Spider Nest
 35388 | Spider:1 | Received a gift from Okawaru
 35996 | Spider:1 | Reached skill level 15 in Short Blades
 36696 | Spider:2 | Reached skill level 10 in Shields
 37081 | Spider:3 | Noticed Jorgrun
 37104 | Spider:3 | Killed Jorgrun
 37754 | Spider:4 | Entered Level 4 of the Spider Nest
 38220 | Spider:4 | Received a gift from Okawaru
 38443 | Spider:4 | Reached skill level 24 in Slings
 38444 | Spider:4 | Reached XP level 20. HP: 145/145 MP: 28/28
 39244 | Spider:4 | Got a gossamer rune of Zot
 39849 | Vaults:1 | Entered Level 1 of the Vaults
 41495 | Vaults:1 | Received a gift from Okawaru
 42069 | Vaults:2 | Noticed a tentacled monstrosity
 42396 | Vaults:2 | Killed a tentacled monstrosity
 42420 | Vaults:2 | Reached XP level 21. HP: 81/153 MP: 24/29
 42881 | Vaults:2 | Found Rupem's Distillery.
 42884 | Vaults:2 | Bought a potion of haste for 120 gold pieces
 42884 | Vaults:2 | Bought a potion of heal wounds for 60 gold pieces
 43788 | Vaults:2 | Paralysed by a great orb of eyes for 5 turns
 43804 | Vaults:2 | Paralysed by a great orb of eyes for 4 turns
 43923 | Vaults:2 | Received a gift from Okawaru
 44309 | Vaults:2 | Found Pics's Book Emporium.
 45286 | Vaults:3 | Received a gift from Okawaru
 45570 | Vaults:3 | Received a gift from Okawaru
 45659 | Vaults:3 | Found Nosori's Antique Armour Shoppe.
 45691 | Vaults:3 | Reached XP level 22. HP: 160/160 MP: 31/31
 46187 | Vaults:3 | Received a gift from Okawaru
 46240 | Vaults:3 | Found a staircase to the Crypt.
 46240 | Vaults:3 | Found an ancient bone altar of Kikubaaqudgha.
 46243 | Vaults:3 | Found a basalt altar of Yredelemnul.
 46727 | Vaults:4 | Reached skill level 25 in Slings
 47676 | Vaults:4 | Received a gift from Okawaru
 47871 | Vaults:4 | Reached skill level 15 in Shields
 48243 | Vaults:4 | Received a gift from Okawaru
 48533 | Vaults:5 | Entered Level 5 of the Vaults
 48535 | Vaults:5 | Noticed a golden dragon
 48582 | Vaults:4 | Reached skill level 15 in Dodging
 48748 | Elf:1    | Entered Level 1 of the Elven Halls
 48808 | Elf:1    | Found a flickering gateway to a bazaar.
 48833 | Bazaar   | Entered a bazaar
 48833 | Bazaar   | Found Qafopi's Antique Weapon Boutique.
 48840 | Bazaar   | Found Nokan's General Store.
 48848 | Bazaar   | Bought a potion of heal wounds for 55 gold pieces
 48848 | Bazaar   | Found Meumu's Antique Armour Shoppe.
 48859 | Bazaar   | Found Qagg's Magic Scroll Boutique.
 48867 | Bazaar   | Bought a scroll of acquirement for 572 gold pieces
 48867 | Bazaar   | Bought a scroll of holy word for 82 gold pieces
 48869 | Bazaar   | Bought a scroll of acquirement for 572 gold pieces
 48880 | Bazaar   | Found Lilloeg's Jewellery Emporium.
 48888 | Bazaar   | Bought the amulet of Yendor {Regen+ Slay+2} for 590 gold pieces
 49516 | Elf:1    | Received a gift from Okawaru
 49680 | Elf:1    | Cast into level 2 of the Abyss (a deep elf demonologist)
 49953 | Abyss:2  | Received a gift from Okawaru
 49953 | Abyss:2  | Reached XP level 23. HP: 127/167 MP: 32/32
 50204 | Elf:1    | Escaped the Abyss
 50839 | Elf:2    | Found a frozen archway.
 50882 | Elf:2    | Found a huge runed gate.
 50883 | Elf:2    | Found a huge runed gate.
 50884 | Elf:2    | Found a huge runed gate.
 50885 | Elf:2    | Found a huge runed gate.
 50886 | Elf:2    | Found a huge runed gate.
 50999 | Elf:2    | Found Xiwim's Assorted Antiques.
 51000 | Elf:2    | Found Zulasuf's Antique Weapon Emporium.
 51036 | Elf:2    | Received a gift from Okawaru
 51133 | IceCv    | Entered an ice cave
 51660 | IceCv    | Received a gift from Okawaru
 52113 | Elf:2    | Bought a scroll labeled VICVUE FUXUAGG for 26 gold pieces
 52852 | Elf:3    | Entered Level 3 of the Elven Halls
 52874 | Elf:3    | Found Unocs's General Store.
 52878 | Elf:3    | Bought a scroll of magic mapping for 42 gold pieces
 53456 | Elf:3    | Received a gift from Okawaru
 53456 | Elf:3    | Reached XP level 24. HP: 173/177 MP: 29/32
 53479 | Elf:3    | Received a gift from Okawaru
 53506 | Elf:3    | Received a gift from Okawaru
 53561 | Elf:3    | Identified the ring "Irawkuc" {+Blink rN+ Int+3 Dex+3} (You took it off a deep elf death mage on level 3 of the Elven Halls)
 53659 | Elf:3    | Identified the Disquisition on the Compass
 54190 | Depths:1 | Entered Level 1 of the Depths
 54280 | Depths:1 | Found a gateway to a ziggurat.
 54390 | Depths:1 | Found a gateway to Hell.
 54539 | Depths:1 | Noticed Saint Roka
 54581 | Depths:1 | Received a gift from Okawaru
 54606 | Depths:1 | Killed Saint Roka
 55258 | Depths:1 | Received a gift from Okawaru
 55591 | Depths:2 | Received a gift from Okawaru
 55599 | Depths:2 | Reached XP level 25. HP: 173/187 MP: 32/32
 55718 | Depths:2 | Received a gift from Okawaru
 56163 | Depths:2 | Noticed a juggernaut
 56187 | Depths:2 | Killed a juggernaut
 56467 | Depths:2 | Received a gift from Okawaru
 56579 | Depths:2 | Found a one-way gate to the infinite horrors of the Abyss.
 56689 | Depths:2 | Received a gift from Okawaru
 57517 | Depths:3 | Received a gift from Okawaru
 57734 | Depths:3 | Received a gift from Okawaru
 57878 | Depths:3 | Reached XP level 26. HP: 185/196 MP: 32/32
 57941 | Depths:3 | Found a one-way gate leading to the halls of Pandemonium.
 57992 | Depths:3 | Noticed Margery
 58054 | Depths:3 | Killed Margery
 58612 | Depths:3 | Paralysed by a great orb of eyes for 5 turns
 59238 | Depths:4 | Identified the Incunabulum of Quantum Moulding
 59753 | Depths:4 | Received a gift from Okawaru
 60005 | Depths:4 | Received a gift from Okawaru
 60737 | Depths:5 | Entered Level 5 of the Depths
 61196 | Depths:5 | Reached skill level 5 in Stealth
 61484 | Depths:5 | Reached XP level 27. HP: 165/203 MP: 33/33
 61600 | Depths:5 | Found a gate to the Realm of Zot.
 62540 | Elf:3    | Received a gift from Okawaru
 63072 | D:3      | Killed unimpressed's ghost
 63724 | Vaults:5 | Reached skill level 26 in Slings
 63726 | Vaults:5 | Received a gift from Okawaru
 64234 | Vaults:5 | Found Zerphaur's Distillery.
 64258 | Vaults:5 | Found Utichy's Magic Scroll Shop.
 64258 | Vaults:5 | Found Tidolat's Food Shoppe.
 64271 | Vaults:5 | Bought a scroll of enchant weapon for 142 gold pieces
 64315 | Vaults:5 | Got a silver rune of Zot
 65083 | Vaults:5 | Noticed Mennas
 65435 | Vaults:5 | Received a gift from Okawaru
 65440 | Vaults:5 | Got a crystal rapier {god gift}
 65441 | Vaults:5 | Identified the +1 rapier "Guisuqor" {venom, rN+ MR++} (Okawaru gifted it to you on level 5 of the Vaults)
 65870 | Vaults:5 | Killed Mennas
 66638 | Zot:1    | Entered Level 1 of the Realm of Zot
 66677 | Zot:1    | Received a gift from Okawaru
 66753 | Zot:1    | Reached skill level 15 in Evocations
 67752 | Zot:1    | Reached skill level 27 in Slings
 68276 | Zot:2    | Received a gift from Okawaru
 68801 | Zot:2    | Received a gift from Okawaru
 69298 | Zot:4    | Received a gift from Okawaru
 69330 | Zot:4    | Received a gift from Okawaru
 69423 | Zot:5    | Entered Level 5 of the Realm of Zot
 69448 | Zot:5    | Received a gift from Okawaru
 69617 | Zot:5    | Received a gift from Okawaru
 69730 | Zot:5    | Received a gift from Okawaru
 69831 | Zot:5    | Noticed an ancient lich
 69864 | Zot:5    | Killed an ancient lich
 69915 | Zot:5    | Noticed an ancient lich
 69933 | Zot:5    | Killed an ancient lich
 69933 | Zot:5    | Received a gift from Okawaru
 69956 | Zot:5    | Got a dazzling rapier {god gift}
 69972 | Zot:5    | Identified the +7 rapier of Zafovafaph {pierce, *Drain rF+++ Str+3 Dex+4} (Okawaru gifted it to you on level 5 of the Realm of Zot)
 70011 | Zot:5    | Noticed an ancient lich
 70035 | Zot:5    | Killed an ancient lich
 70035 | Zot:5    | Received a gift from Okawaru
 70056 | Zot:5    | Noticed an orb of fire
 70166 | Zot:5    | Noticed an orb of fire
 70172 | Zot:5    | Gained mutation: You are frail. (-10% HP) [an orb of fire]
 70180 | Zot:5    | Killed an orb of fire
 70207 | Zot:5    | Killed an orb of fire
 70229 | Zot:5    | Noticed an ancient lich
 70231 | Zot:5    | Cast into level 5 of the Abyss (an ancient lich)
 70231 | Abyss:5  | Entered Level 5 of the Abyss
 70456 | Abyss:5  | Paralysed by accursed screaming for 2 turns
 70666 | Zot:5    | Escaped the Abyss
 70694 | Zot:5    | Killed an ancient lich
 70906 | Zot:5    | Noticed an ancient lich
 70932 | Zot:5    | Killed an ancient lich
 70979 | Zot:5    | Noticed an ancient lich
 71015 | Zot:5    | Killed an ancient lich
 71079 | Zot:5    | Noticed an ancient lich
 71126 | Zot:5    | Killed from afar by an ancient lich

Vault maps used:
D:1:      lemuel_arrival_river_ford
D:2:      lemuel_round_altar, doesnt_xom_only_xom, uniq_jessica
D:3:      nicolae_qazlal_eye_of_the_storm
D:4:      lemuel_round_altar, nicolae_overflow_crystal_walls, uniq_sigmund
D:5:      lemuel_zombie_altar_yredelemnul, minmay_temple_entry_large_hall,
          first_bread
D:6:      eat_drink_and_be_merry_uskayaw, nemelex_xobeh_ov_fountains_minmay,
          trog_book
D:8:      minmay_separated_statues, palyth_temple_overflow_mages,
          fedhas_altar_1, marbit_many_paths, erik_lair_orcish_takeover
D:9:      enter_bailey_8, blue_anna_alchemist
D:10:     serial_shops, shop
D:11:     minmay_blocky_corners, serial_shops, shop
D:12:     david_orc_3, minivault_4, uniq_maurice
D:13:     david_vaults_3, basic_altar, lemuel_oklob_altar
D:14:     grunt_decor_clamped, hangedman_aviary, uniq_urug
D:15:     hangedman_depths_entry_try_elsewhere_first, hangedman_decor_opposing,
          basic_altar
Temple:   compressed_dpeg_triangle_lava_temple
Lair:1:   kennysheep_snail_temple, minmay_lair_oklob_chamber, uniq_fannar
Lair:2:   minmay_swamp_entry_swarm, beast_lair_carwin_8
Lair:3:   spider_nest_entry_funnel_web, minmay_stone_trees_small,
          serial_bayou_ford_a
Lair:4:   grunt_megastairs_1, serial_bayou_shore_a, lemuel_fruit_tree
Lair:5:   slime_dummy, grunt_megastairs_3, uniq_rupert
Lair:6:   evilmike_catoblepas_cave, minivault_23, minivault_26,
          minmay_lair_oklob_bushes
Swamp:1:  evilmike_swamp_ruin_house_1, nicolae_swamp_little_tower
Swamp:2:  hangedman_swamp_pad, uniq_frances, uniq_nikola
Swamp:3:  basic_altar, swamp_pool2, infiniplex_staircase_pool, uniq_aizul
Swamp:4:  swamp
Spider:2: guppyfry_spider_mini_3
Spider:3: uniq_jorgrun
Spider:4: grunt_spider_rune_circles, special_room
Orc:1:    basic_altar, nicolae_orc_lava_room
Orc:2:    kennysheep_orc_mage_school, serial_shops, shop, shop,
          nicolae_alphabet_shops, sword_in_stone
Elf:1:    minmay_elf_arrival_circle, serial_shops, freezing_bzr,
          hangedman_elf_represent
Elf:2:    portal_ice_cave_entry_pillars_four, hangedman_elf_targetted_burst,
          lemuel_elevator, minmay_shoptagon
Elf:3:    elf_hall, serial_shops, shop
Vaults:1: grunt_vaults_focal, hangedman_vaults_snaps, v_alt_pattern_6,
          vaults_mumra_lcd, ontoclasm_vaults_claustrophobia,
          ontoclasm_vaults_hangar, nicolae_vaults_circle_grid_b, v_misc_18,
          ontoclasm_vaults_ligature, v_pattern_1, ontoclasm_vaults_twist,
          nicolae_vaults_theta
Vaults:2: st_diamondy, nicolae_vaults_three_branches, grunt_vaults_swirl,
          grunt_vaults_hallway_long, dpeg_vaults_monster_row, v_misc_28,
          dpeg_vaults_monster_box, nicolae_vaults_circle_grid_a, v_misc_23,
          vaults_dpeg_diagonal, vaults_mumra_hex, ontoclasm_vaults_fault,
          serial_shops, shop, shop
Vaults:3: v_misc_4, v_misc_2, nicolae_vaults_asterisk,
          minmay_crypt_entry_necro_gods, v_misc_5, nicolae_vaults_quartermaster,
          nicolae_vaults_ring_of_whatevers, vaults_mumra_minichess, v_misc_27,
          v_misc_5, vaults_dpeg_encased_lava, nicolae_vaults_angled_halls,
          nicolae_vaults_little_squares_2, serial_shops, shop
Vaults:4: hangedman_vaults_unwind, nicolae_vaults_network_star,
          nicolae_vaults_little_ls, v_misc_23, ontoclasm_vaults_ring_large,
          v_alt_pattern_3, vaults_room_boxed, hangedman_vaults_nodes,
          vaults_room_semicircle, vaults_dpeg_hooks, vaults_room_semicircle,
          nicolae_vaults_shelves_hall
Vaults:5: uniq_mennas
Depths:1: enter_ziggurat_b, serial_bayou_pond_d, hellmouth_1,
          minmay_door_square, minmay_holes, onia_ninara_cookie, uniq_saint_roka
Depths:2: giant_chief_lemuel, hell_entry, abyss_entry, minivault_14
Depths:3: hangedman_crystal_crosses_colossus, hell_entry, pan_entry,
          uniq_margery
Depths:4: wad_mega_maze, minmay_room_of_horrors, pf_coc_iceberg,
          hangedman_cracks_in_the_wall
Depths:5: grunt_twist_and_shout, hell_entry, minmay_misc_feat_room
Zot:1:    circus_mu, hangedman_hellfire_club
Zot:2:    kennysheep_blocky_hall, hangedman_zot_decor_scrapings
Zot:3:    kennysheep_blocky_room, zot_minivault_8
Zot:4:    lemuel_draconian_sentries_small
Abyss:2:  abyss_furniture_001
Abyss:5:  evilmike_abyss_exit_plants, grunt_abyss_rune_wretched_hive
Bazaar:   bazaar_lake
Bailey:   bailey_polearm_flooded_kennysheep, bailey
IceCv:    ice_cave_caverns_02

Skill      XL: |  1  2  3  4  5  6  7  8  9 10 11 12 13 14 15 16 17 18 19 20 21 22 23 24 25 26 27 |
---------------+----------------------------------------------------------------------------------+-----
Slings         | 6 7 8 9 13 16 19 21 22 23 24 25 27 | 27.0
Fighting       | 2 3 4 5 7 10 13 14 15 16 18 19 20 23 | 23.4
Short Blades   | 1 2 3 4 5 6 7 8 9 11 12 13 14 15 | 15.7
Stealth        | 2 5 6 |  6.7
Armour         | 1 2 3 4 5 8 9 10 12 15 16 17 18 21 | 21.6
Dodging        | 3 4 5 7 8 9 10 11 12 13 14 15 17 19 20 23 | 23.3
Evocations     | 1 2 4 5 7 8 9 10 11 12 13 15 | 15.0
Invocations    | 1 5 8 9 |  9.0
Shields        | 2 4 7 8 9 10 12 13 16 18 19 21 | 21.6

Action                   |  1- 3 |  4- 6 |  7- 9 | 10-12 | 13-15 | 16-18 | 19-21 | 22-24 | 25-27 || total
-------------------------+-------+-------+-------+-------+-------+-------+-------+-------+-------++-------
Melee: Dagger            |       |    17 |   102 |   260 |   659 |    19 |    12 |       |       ||  1069
       Hunting sling     |       |       |     1 |       |       |       |       |       |       ||     1
       Rapier            |       |       |       |       |       |   137 |   838 |   539 |  2494 ||  4008
 Fire: Hunting sling     |    80 |   206 |   472 |   545 |   670 |       |       |       |       ||  1973
       Fustibalus        |       |       |       |       |   480 |  1480 |  1254 |  1410 |  1833 ||  6457
Throw: Tomahawk          |       |       |     2 |       |    16 |    14 |     6 |    12 |    15 ||    65
Invok: Heroism           |       |       |       |     6 |     9 |     5 |     7 |     9 |    20 ||    56
       Finesse           |       |       |       |       |     7 |     6 |     4 |     9 |    11 ||    37
 Abil: Evoke Blink       |       |       |       |       |       |       |       |       |     1 ||     1
Evoke: Wand              |       |       |     4 |     5 |     4 |       |     2 |     1 |     7 ||    23
  Use: Scroll            |     1 |     8 |    14 |     6 |    10 |    14 |     6 |    11 |    18 ||    88
       Potion            |       |       |     3 |     5 |     2 |     5 |     2 |     3 |     9 ||    29
 Stab: Sleeping          |       |     1 |       |       |     1 |       |     3 |     9 |       ||    14
       Paralysed         |       |       |       |       |     1 |       |       |       |       ||     1
       Confused          |       |       |       |       |     1 |       |       |       |       ||     1
       Invisible         |       |       |       |       |       |       |     3 |       |       ||     3
       Distracted        |       |       |       |       |       |       |       |       |     1 ||     1
  Eat: Chunk             |       |     8 |    10 |    11 |    27 |    18 |    14 |    24 |    30 ||   142
       Fruit             |       |       |     3 |     2 |       |     1 |     4 |     1 |    12 ||    23
       Royal jelly       |       |       |     1 |       |     4 |     5 |     8 |     2 |     4 ||    24
Armor: Leather armour    |     4 |     9 |       |       |       |       |       |       |       ||    13
       Ring mail         |       |     1 |    32 |       |       |       |       |       |       ||    33
       Scale mail        |       |       |     9 |    41 |   102 |   103 |       |       |       ||   255
       Chain mail        |       |       |       |       |    39 |       |       |       |       ||    39
       Swamp dragon scal |       |       |       |       |       |    23 |   166 |    88 |    61 ||   338
       Storm dragon scal |       |       |       |       |       |       |       |       |    79 ||    79
       Gold dragon scale |       |       |       |       |       |       |       |       |   315 ||   315
Dodge: Dodged            |    15 |    44 |    85 |   138 |   276 |   294 |   769 |   475 |  1155 ||  3251
Block: Buckler           |       |       |       |    51 |   165 |   153 |   637 |   194 |       ||  1200
       Reflection        |       |       |       |       |       |       |    38 |    17 |       ||    55
       Shield            |       |       |       |       |       |       |       |   220 |  1775 ||  1995
